 Dungeon Crawl Stone Soup version 0.30-a0-364-gf6b3ef1049 (webtiles) character file.

Game seed: 10225797749670494918

72573 Colgate the Brawler (level 15, -2/116 HPs)
             Began as an Octopode Transmuter on Nov 15, 2022.
             Was a High Priest of Ru.
             Slain by a ten-headed hydra (15 damage)
             ... on level 13 of the Dungeon.
             The game lasted 02:00:47 (30495 turns).

Colgate the Brawler (Octopode Transmuter)          Turns: 30495, Time: 02:00:47

Health: -2/116     AC:  3    Str: 12    XL:     15   Next: 40%
Magic:  13/21      EV: 22    Int: 18    God:    Ru [*****.]
Gold:   2409       SH:  0    Dex: 19    Spells: 1/22 levels left

rFire   . . .      SeeInvis .      - Unarmed
rCold   . . .      Faith    .    (shield currently unavailable)
rNeg    . . .      Spirit   .    F - +2 hat
rPois   +          Reflect  .    i - amulet of regeneration
rElec   .          Harm     .    l - +6 ring of dexterity
rCorr   +          Rampage  .    o - ring of resist corrosion
Will    ++...                    B - ring of protection from fire
Stlth   +++++.....               K - +4 ring of slaying
HPRegen 1.19/turn                N - +4 ring of evasion
MPRegen 0.17/turn                I - ring of willpower
                                 O - ring of Rougeh {rPois rC+ rCorr}
                                 (no ring)

@: blade tentacles (expiring), wereblooded
A: almost no armour, amphibious, 8 rings, camouflage 1, weak 1, gelatinous body
1, inability to use devices, hated by all, temperature sensitive, (nimble
swimmer 1), tentacles
a: End Transformation, Renounce Religion, Draw Out Power, Power Leap, Apocalypse


You were on level 13 of the Dungeon.
You worshipped Ru.
Ru was extremely pleased with you.
You had blades for main tentacles.
You visited 4 branches of the dungeon, and saw 21 of its levels.
You also visited: Sewer and Gauntlet.

You collected 2535 gold pieces.
You spent 126 gold pieces at shops.

Inventory:

Hand Weapons
 a - the +0 morningstar of Immorality (melded) {speed, Drain rPois rCorr Int+7}
   (You found it in a Gauntlet)

   Attacks with this weapon are significantly faster.
   Int:       It affects your intelligence (+7).
   rPois:     It protects you from poison.
   rCorr:     It protects you from acid and corrosion.
   Drain:     It drains your maximum health when unequipped.
 M - the +4 whip "Beast's Undoing" {pain, Dex+6}
   (You found it on level 5 of the Lair of Beasts)

   In the hands of one skilled in necromantic magic, it inflicts extra damage on
   living creatures.
   Dex:       It affects your dexterity (+6).
Missiles
 x - a throwing net {!f}
 P - 6 curare-tipped darts
 Q - 7 javelins
Armour
 F - a +2 hat (worn)
Magical Staves
 R - a staff of cold
Jewellery
 i - an amulet of regeneration (around mantle)
 l - a +6 ring of dexterity (left blade tentacle)
 o - a ring of resist corrosion (right blade tentacle)
 w - an amulet of magic regeneration
 B - a ring of protection from fire (on tentacle)
 E - an amulet of guardian spirit
 I - a ring of willpower (on tentacle)
 K - a +4 ring of slaying (on tentacle)
 N - a +4 ring of evasion (on tentacle)
 O - the ring of Rougeh (on tentacle) {rPois rC+ rCorr}
   (You found it in a Gauntlet)

   [ring of resist corrosion]

   rC:        It protects you from cold.
   rPois:     It protects you from poison.
   rCorr:     It protects you from acid and corrosion.
Scrolls
 e - 11 scrolls of teleportation {@r3}
 h - a scroll of magic mapping {@r5}
 p - a scroll of brand weapon
 t - 2 scrolls of fog
 u - 4 scrolls of blinking {@r4}
 v - 2 scrolls of vulnerability
 y - 3 scrolls of enchant weapon
 A - 3 scrolls of poison
 C - a scroll of torment
 D - a scroll of enchant armour
 G - 3 scrolls of fear
Potions
 b - 8 potions of invisibility
 c - 3 potions of attraction
 d - 11 potions of haste {@q4}
 f - 3 potions of brilliance
 g - 13 potions of curing {@q1}
 j - 3 potions of degeneration
 k - 9 potions of heal wounds {@q2}
 m - 4 potions of cancellation
 n - 8 potions of mutation
 q - 5 potions of berserk rage
 r - 2 potions of ambrosia
 s - a potion of might {@q3}
 z - a potion of resistance {@q5}
 H - 3 potions of lignification
 J - a potion of flight
 L - a potion of magic {unknown}


   Skills:
 - Level 15.0 Fighting
 - Level 8.2 Dodging
 - Level 7.0 Stealth
 + Level 17.3 Unarmed Combat
 - Level 4.0 Spellcasting
 - Level 6.0 Translocations
 - Level 7.0 Transmutations
 - Level 5.1 Ice Magic


You had one spell level left.
You knew the following spells:

 Your Spells              Type           Power      Damage    Failure   Level
a - Beastly Appendage     Tmut           58%        N/A       14%         1
b - Wereblood             Tmut           29%        N/A       17%         2
c - Spider Form           Tmut/Pois      16%        N/A       47%         3
d - Ice Form              Ice/Tmut       25%        N/A       50%         4
e - Blink                 Tloc           50%        N/A       21%         2
f - Passage of Golubria   Tloc           25%        N/A       50%         4
g - Blade Hands           Tmut           14%        N/A       65%         5

Your spell library contained the following spells:

 Spells                   Type           Power      Damage    Failure   Level
 Kiss of Death            Conj/Necr      12%        2d6       54%         1
 Magic Dart               Conj           12%        1d3       54%         1
 Necrotise                Necr           12%        1d4       54%         1
 Shock                    Conj/Air       12%        1d3       54%         1
 Lesser Beckoning         Tloc           50%        N/A       28%         3
 Ozocubu's Armour         Ice            22%        N/A       34%         3
 Momentum Strike          Conj/Tloc      28%        3d8       36%         2
 Portal Projectile        Hex/Tloc       28%        N/A       52%         3
 Ignite Poison            Fire/Tmut/Pois 12%        N/A       58%         3
 Kindle Blastsparks       Fire/Tloc/Air  20%        2d11      61%         3
 Scorch                   Fire           6%         2d5       65%         2
 Searing Ray              Conj           6%         2d4       65%         2
 Confusing Touch          Hex            3%         N/A       82%         3
 Vampiric Draining        Necr           3%         2d6       82%         3
 Alistair's Intoxication  Tmut/Pois      10%        N/A       95%         5
 Dispel Undead            Necr           3%         3d7       98%         4
 Flame Wave               Conj/Fire      3%         2d5       98%         4
 Fulminant Prism          Conj/Hex       1%         3d5       98%         4
 Metabolic Englaciation   Hex/Ice        6%         N/A       98%         5
 Freezing Cloud           Conj/Ice/Air   4%         6-21      99%         5
 Agony                    Necr           3%         N/A       100%        5
 Borgnjor's Vile Clutch   Necr/Erth      1%         N/A       100%        5
 Silence                  Hex/Air        1%         N/A       100%        5
 Eringya's Noxious Bog    Tmut/Pois      8%         N/A       100%        6
 Iron Shot                Conj/Erth      1%         9d1       100%        6
 Lehudib's Crystal Spear  Conj/Erth      1%         10d2      100%        8
 Tukima's Dance           Hex            Unusable   N/A       N/A         3
 Animate Armour           Summ/Erth      Unusable   N/A       N/A         4
 Simulacrum               Ice/Necr       Unusable   N/A       N/A         6
 Summon Cactus Giant      Summ           Unusable   N/A       N/A         6

Dungeon Overview and Level Annotations

Branches:
Dungeon (13/15)            Temple (1/1) D:4            Lair (5/5) D:9
 Shoals (0/4) Lair:3       Spider (0/4) Lair:2        Slime (0/5) Lair:5
    Orc (2/2) D:10            Elf (0/3) Orc:2         Sewer (visited)
Gauntlet (visited)
 Vaults: D:13-14

Altars:
Ashenzari
Cheibriados
Dithmenos
Elyvilon
Gozag
Kikubaaqudgha
Makhleb
Nemelex Xobeh
Okawaru
Qazlal
Ru
Sif Muna
Trog
Uskayaw
Vehumet
Wu Jian
Xom
Zin
The Shining One
Lugonu

Shops:
D:5 [   D:12 ?   Orc:2 =[[(

Portals:
Abyss: Lair:5

Annotations:
D:7 lennolla expaa
Lair:1 3 runed translucent doors, Kinoniko's ghost, journeyman MiBe
Orc:1 3 runed translucent doors, Qanwenef's ghost, journeyman MiFi


Innate Abilities, Weirdness & Mutations

You have blades for main tentacles.
Your spellcasting is less reliable in this form.
You are incapable of wielding weapons or throwing items.
You cannot wear most types of armour.
You are amphibious.
You can wear up to eight rings at the same time.
Your skin changes colour to match your surroundings (Stealth+).
You are weak. (Str -2)
Your rubbery body absorbs attacks. (AC +1, EV +1)
You cannot study or use magical devices.
You are hated by all.
You are sensitive to extremes of temperature. (rF-, rC-)
((You are camouflaged when in or above water. (Stealth+)))
You have tentacles for arms and can constrict up to eight enemies at once.


Message History

A basilisk comes into view.
The two-headed ogre barely misses you. The two-headed ogre misses you.
You hit the two-headed ogre. You slash the two-headed ogre.
You squeeze the two-headed ogre! You shred the two-headed ogre!!!
You kill the two-headed ogre!
Your transformation is almost over.
You lop one of the six-headed hydra's heads off!
The five-headed hydra grows two more!
You slice the seven-headed hydra!! The seven-headed hydra bites you.
The seven-headed hydra closely misses you.
The seven-headed hydra bites you! x2; The seven-headed hydra bites you.
The seven-headed hydra barely misses you.
The seven-headed hydra completely misses you.
You hack one of the seven-headed hydra's heads off!
The six-headed hydra grows two more!
You slash the eight-headed hydra!
You chop one of the eight-headed hydra's heads off!
The seven-headed hydra grows two more!
You slash the nine-headed hydra!
The basilisk begins to attack, but is stunned by your conviction!
The nine-headed hydra barely misses you.
The nine-headed hydra bites you! x2; The nine-headed hydra bites you.
The nine-headed hydra barely misses you.
The nine-headed hydra bites you. x2
The nine-headed hydra completely misses you.
The nine-headed hydra closely misses you.
You slice one of the nine-headed hydra's heads off!
The eight-headed hydra grows two more!
You slice the ten-headed hydra!! You squeeze the ten-headed hydra.
The ten-headed hydra barely misses you. The ten-headed hydra bites you! x2
* * * LOW HITPOINT WARNING * * *
You focus your inner power and slow the ten-headed hydra in retribution!
The ten-headed hydra misses you.
The ten-headed hydra completely misses you.
The ten-headed hydra bites you.
* * * LOW HITPOINT WARNING * * *
The ten-headed hydra bites you!
* * * LOW HITPOINT WARNING * * *
The ten-headed hydra bites you but does no damage.
The ten-headed hydra bites you!
You die...

,,*,*,,,*,#D..$..$#
,,,*,,,*,,○#......#
,,,,,,,,,,...#.##)#
,*,,,*,,,*.,..,*#l#
,,*,*,,,*,#..***#.#
,,,*,,,*,,.#,* #.#
,,,,,,,,,,,,,* #T#
#################D#
................@.#
..................#
###################


You could see a ten-headed hydra (slow), a troll and a basilisk.

Vanquished Creatures
  An orc warlord (Orc:2)
  A cacodemon (Gauntlet)
  A minotaur (Gauntlet)
  An ettin (Orc:1)
  Snorg (Orc:2)
  2 hydras
  2 ogre magi (Orc:2)
  A centaur warrior (D:11)
  11 two-headed ogres
  A boulder beetle (D:12)
  A tengu warrior (D:13)
  4 thrashing horrors (Lair:5)
  2 orc high priests (Orc:2)
  A soul eater (Gauntlet)
  A large abomination (Lair:5)
  2 deep trolls (Orc:2)
  A deep elf archer (Orc:2)
  2 orc knights
  A deep elf zephyrmancer (Orc:2)
  3 deep elf pyromancers
  2 manticores
  An oklob plant (Lair:1)
  An orc sorcerer (Orc:2)
  6 cyclopes
  5 ugly things
  The ghost of dziebel133 the Ogre Mage, a novice OgFE (D:5)
  A merfolk siren (Lair:3)
  6 elephants
  7 black mambas
  4 smoke demons (Lair:5)
  10 cane toads
  2 rime drakes
  8 komodo dragons
  A kobold demonologist (D:11)
  An efreet (D:13)
  A tengu conjurer (D:13)
  An ancient zyme (Lair:5)
  A troll (shapeshifter) (Lair:5)
  12 trolls
  A blink frog (shapeshifter) (D:13)
  10 dream sheep (Lair:5)
  5 slime creatures
  35 blink frogs
  2 wolf spider simulacra (Gauntlet)
  2 ynoxinuls (Lair:5)
  Sigmund (D:2)
  A spriggan (Lair:5)
  37 yaks
  2 wyverns
  A wraith (D:12)
  3 steam dragons
  8 basilisks
  2 redbacks (Lair:2)
  3 wargs
  An acid dragon (D:12)
  12 water moccasins
  9 small abominations (Lair:5)
  2 meliai simulacra (Gauntlet)
  Pargi (Sewer)
  21 orc warriors
  4 black bears
  2 sky beasts (D:6)
  22 ogres
  3 centaurs
  A phantom (D:4)
  17 bullfrogs
  A kobold brigand (D:11)
  6 necrophages
  5 gnoll sergeants
  3 scorpions
  3 killer bees (D:11)
  3 howler monkeys (D:10)
  A wyvern simulacrum (Gauntlet)
  A gnoll bouda (D:7)
  5 hounds
  17 orc priests
  A jelly (D:6)
  Terence (D:2)
  7 iguanas
  23 orc wizards
  29 gnolls
  9 adders
  3 shadow imps
  2 white imps
  2 ufetubi
  A worm (D:3)
  A dart slug (D:3)
  87 orcs
  9 ball pythons
  5 bats
  7 endoplasms
  8 giant cockroaches
  7 goblins
  2 hobgoblins
  6 jackals
  2 quokkas
  4 frilled lizards
  7 kobolds
  4 rats
591 creatures vanquished.

Vanquished Creatures (others)
  A hydra (Lair:4)
  A torpor snail (Lair:5)
  A small abomination (Lair:5)
  67 fungi
  58 plants
128 creatures vanquished.

Grand Total: 719 creatures vanquished

Notes
Turn   | Place    | Note
-------+----------+-------------------------------------------
     0 | D:1      | Colgate the Octopode Transmuter began the quest for the
                  | Orb.
     0 | D:1      | Reached XP level 1. HP: 13/13 MP: 3/3
    92 | D:1      | Reached XP level 2. HP: 11/18 MP: 5/5
    95 | D:1      | Learned a level 2 spell: Wereblood
   429 | D:1      | Reached skill level 4 in Unarmed Combat
   739 | D:1      | Reached XP level 3. HP: 21/23 MP: 6/6
   743 | D:1      | Learned a level 3 spell: Spider Form
  1064 | D:2      | Reached skill level 1 in Stealth
  1190 | D:2      | Noticed Sigmund
  1291 | D:2      | Killed Sigmund
  1292 | D:2      | Reached XP level 4. HP: 7/28 MP: 4/7
  1292 | D:2      | Reached XP level 5. HP: 8/33 MP: 4/8
  1300 | D:2      | Reached skill level 5 in Transmutations
  1497 | D:2      | Noticed Terence
  1525 | D:2      | Killed Terence
  1526 | D:2      | Reached skill level 1 in Ice Magic
  1526 | D:2      | Reached XP level 6. HP: 21/38 MP: 2/9
  2595 | D:3      | Found a glowing drain.
  2606 | Sewer    | Entered a sewer
  2736 | Sewer    | Noticed Pargi
  2775 | Sewer    | Killed Pargi
  3610 | D:3      | Reached XP level 7. HP: 43/43 MP: 5/10
  3667 | D:3      | Learned a level 4 spell: Ice Form
  3945 | D:4      | Reached skill level 5 in Ice Magic
  4683 | D:4      | Found a staircase to the Ecumenical Temple.
  4688 | Temple   | Entered the Ecumenical Temple
  4831 | Temple   | Became a worshipper of Ru the Awakened
  4916 | D:4      | Found a sparkling altar of Nemelex Xobeh.
  5043 | D:4      | Found an ornate altar of the Wu Jian Council.
  5100 | D:5      | Entered Level 5 of the Dungeon
  5153 | D:5      | Found Qis Ga Ymoj's Antique Armour Emporium.
  5214 | D:5      | Found a glowing silver altar of Zin.
  5250 | D:5      | Reached skill level 5 in Unarmed Combat
  5497 | D:5      | Identified the +1 scale mail of Fimnesotag {rN+ Str+2}
  5521 | D:5      | Reached XP level 8. HP: 50/50 MP: 9/11
  5609 | D:5      | Found a snail-covered altar of Cheibriados.
  5646 | D:5      | Found a hazy altar of Hepliaklqana.
  5732 | D:5      | Found a broken altar of Ashenzari.
  5852 | D:5      | Found a transporter.
  5852 | D:5      | Noticed dziebel133's ghost (novice OgFE)
  5888 | D:5      | Found a transporter.
  6218 | D:5      | Reached skill level 5 in Fighting
  7149 | D:6      | Gained mutation: You are sensitive to extremes of
                  | temperature. (rF-, rC-) [Ru sacrifice]
  7149 | D:6      | Reached * piety under Ru
  7149 | D:6      | Reached ** piety under Ru
  7910 | D:7      | Reached XP level 9. HP: 64/64 MP: 12/12
  8045 | D:7      | Reached skill level 6 in Unarmed Combat
  8367 | D:7      | Reached skill level 7 in Unarmed Combat
  8396 | D:7      | Found a white marble altar of Elyvilon.
  9215 | D:8      | Noticed a white ugly thing
  9445 | D:8      | Reached skill level 8 in Unarmed Combat
  9494 | D:8      | Found a shimmering altar of Xom.
  9638 | D:8      | Reached XP level 10. HP: 71/71 MP: 8/13
  9711 | D:8      | Identified the +1 cloak "Huosmege" {-Tele Harm *Slow
                  | Will+++}
  9856 | D:8      | Reached skill level 9 in Unarmed Combat
 10308 | D:9      | Noticed a manticore
 10313 | D:9      | Killed a manticore
 10314 | D:9      | Reached skill level 10 in Unarmed Combat
 10314 | D:9      | Gained mutation: You cannot study or use magical devices.
                  | [Ru sacrifice]
 10314 | D:9      | Reached *** piety under Ru
 10314 | D:9      | Reached **** piety under Ru
 10488 | D:9      | Reached skill level 11 in Unarmed Combat
 10804 | D:9      | You fall into a shaft and drop 2 floors!
 10809 | D:11     | Noticed a centaur warrior
 10817 | D:11     | Killed a centaur warrior
 10869 | D:11     | Noticed a kobold demonologist
 10874 | D:11     | Killed a kobold demonologist
 10885 | D:11     | Noticed a white ugly thing
 10909 | D:11     | Killed a white ugly thing
 10910 | D:11     | Reached skill level 12 in Unarmed Combat
 10952 | D:11     | Identified the +8 short sword of Checks and Balances
                  | {vorpal, Dex+6}
 11226 | D:11     | Reached skill level 5 in Stealth
 11232 | D:11     | Reached XP level 11. HP: 75/75 MP: 8/14
 11296 | D:11     | Noticed a two-headed ogre
 11430 | D:10     | Entered Level 10 of the Dungeon
 11760 | D:9      | Reached skill level 13 in Unarmed Combat
 11905 | D:9      | Found a staircase to the Lair.
 12005 | D:9      | Found an ancient bone altar of Kikubaaqudgha.
 12040 | D:9      | Found a shimmering blue altar of Sif Muna.
 12081 | D:9      | Found an opulent altar of Gozag.
 12370 | D:9      | Found a radiant altar of Vehumet.
 12378 | D:9      | Got Vehumet's Volume of Bolts
 12517 | D:8      | Killed a white ugly thing
 12743 | D:8      | Found a shimmering altar of Xom.
 13018 | D:10     | Gained mutation: You are weak. (Str -2) [Ru sacrifice]
 13018 | D:10     | Reached ***** piety under Ru
 13088 | D:10     | Noticed a cyclops
 13101 | D:10     | Killed a cyclops
 13657 | D:10     | Found a staircase to the Orcish Mines.
 14533 | D:11     | Identified the +1 leather armour "Natwom" {-Tele Dex+4}
 14882 | D:11     | Killed a two-headed ogre
 15074 | D:11     | Noticed a two-headed ogre
 15082 | D:11     | Killed a two-headed ogre
 15083 | D:11     | Reached skill level 5 in Dodging
 15359 | D:12     | Noticed a boulder beetle
 15429 | D:12     | Killed a boulder beetle
 15451 | D:12     | Learned a level 2 spell: Blink
 15480 | D:12     | Noticed a deep elf pyromancer
 15489 | D:12     | Killed a deep elf pyromancer
 15610 | D:12     | Noticed a manticore
 15619 | D:12     | Killed a manticore
 15997 | D:12     | Found Owidoq's Magic Scroll Boutique.
 16041 | D:12     | Bought a scroll of blinking for 82 gold pieces
 16042 | D:12     | Bought a scroll of fog for 44 gold pieces
 16053 | D:12     | Reached XP level 12. HP: 85/85 MP: 8/15
 16461 | D:12     | Reached skill level 5 in Translocations
 17384 | Lair:1   | Entered Level 1 of the Lair of Beasts
 17428 | Lair:1   | Gained mutation: You are hated by all. [Ru sacrifice]
 17475 | Lair:1   | Learned a level 4 spell: Passage of Golubria
 17867 | Lair:1   | Noticed a minotaur
 17867 | Lair:1   | Noticed Kinoniko's ghost (journeyman MiBe)
 17953 | Lair:1   | Found a runed translucent gate.
 17953 | Lair:1   | Found a runed translucent gate.
 17953 | Lair:1   | Found a runed translucent gate.
 18200 | Lair:1   | Reached skill level 10 in Fighting
 19557 | Lair:2   | Found a hole to the Spider Nest.
 19574 | Lair:2   | Noticed a seven-headed hydra
 19585 | Lair:2   | Killed a seven-headed hydra
 19713 | Lair:2   | Found a shimmering altar of Xom.
 20504 | Lair:3   | Reached XP level 13. HP: 97/97 MP: 17/17
 20671 | Lair:3   | Found a staircase to the Shoals.
 21676 | Lair:4   | Reached skill level 14 in Unarmed Combat
 22764 | Lair:5   | Entered Level 5 of the Lair of Beasts
 23582 | Lair:5   | Identified the +4 whip "Beast's Undoing" {pain, Dex+6}
 23850 | Lair:5   | Reached XP level 14. HP: 107/107 MP: 18/18
 24023 | Lair:5   | Learned a level 5 spell: Blade Hands
 24283 | Lair:5   | Identified the +0 chain mail "Veitz" {rElec rC+ Will+++
                  | Regen+}
 24343 | Lair:5   | Found a staircase to the Slime Pits.
 25355 | Lair:5   | Found a corrupted altar of Lugonu.
 25355 | Lair:5   | Found a one-way gate to the infinite horrors of the Abyss.
 25608 | Orc:1    | Entered Level 1 of the Orcish Mines
 25737 | Orc:1    | Found a runed translucent gate.
 25738 | Orc:1    | Found a runed translucent gate.
 25738 | Orc:1    | Noticed Qanwenef's ghost (journeyman MiFi)
 25739 | Orc:1    | Found a runed translucent gate.
 25739 | Orc:1    | Noticed an orc warlord
 25872 | Orc:1    | Reached skill level 15 in Fighting
 26240 | Orc:2    | Entered Level 2 of the Orcish Mines
 26517 | Orc:2    | Noticed Snorg
 26525 | Orc:2    | Killed Snorg
 26590 | Orc:1    | Reached skill level 15 in Unarmed Combat
 27586 | Orc:2    | Reached XP level 15. HP: 101/116 MP: 4/21
 27741 | Orc:2    | Found Fobai's Armour Boutique.
 27751 | Orc:2    | Found Japny's Jewellery Shop.
 27752 | Orc:2    | Found Soid's Antique Armour Shoppe.
 27762 | Orc:2    | Found Kieno's Weapon Shop.
 27841 | Orc:2    | Found a staircase to the Elven Halls.
 28080 | Orc:2    | Reached skill level 16 in Unarmed Combat
 28080 | Orc:2    | Noticed an orc warlord
 28103 | Orc:2    | Killed an orc warlord
 28826 | D:5      | Killed dziebel133's ghost
 29247 | D:13     | Found a gate leading to a gauntlet.
 29269 | Gauntlet | Entered a Gauntlet
 29269 | Gauntlet | Found a transporter.
 29269 | Gauntlet | Found a transporter.
 29284 | Gauntlet | Found a transporter.
 29298 | Gauntlet | Found a transporter.
 29298 | Gauntlet | Found a transporter.
 29300 | Gauntlet | Found a transporter.
 29300 | Gauntlet | Found a transporter.
 29301 | Gauntlet | Found a transporter.
 29312 | Gauntlet | Found a transporter.
 29328 | Gauntlet | Found a transporter.
 29335 | Gauntlet | Found a transporter.
 29337 | Gauntlet | Noticed a cacodemon
 29343 | Gauntlet | Found a transporter.
 29377 | Gauntlet | Found a transporter.
 29389 | Gauntlet | Found a transporter.
 29587 | Gauntlet | Reached skill level 17 in Unarmed Combat
 29828 | Gauntlet | Killed a cacodemon
 29863 | Gauntlet | Identified the ring of Rougeh {rPois rC+ rCorr}
 30006 | Gauntlet | Identified the +0 morningstar of Immorality {speed, Drain
                  | rPois rCorr Int+7}
 30495 | D:13     | Slain by a ten-headed hydra

Illustrated notes

Levels and vault maps discovered:
D:1:      dpeg_arrival_radiant, layout_basic, dreamdust_princess_corridor,
          moated_statue, minmay_tromino_v4_a
D:2:      layout_rooms, dk_noncrumbling_4, uniq_sigmund, uniq_terence
D:3:      layout_basic, cheibrodos_sewer_entry_drain
D:4:      layout_cave_pools, nzn_wu_jian_council_hall,
          nicolae_overflow_hidden_temple, minmay_temple_entry_arrows,
          dk_vineyard_3
D:5:      layout_loops_ring, overflow_temple_1_default,
          cheibrodos_ashenzari_chains, nicolae_overflow_squiral, serial_shops,
          nicolae_shop_advertising_works [nicolae_subvault_shop_adworks],
          gammafunk_ghost_arena, chequers_serial_rivers_small_3,
          dreamdust_wishing_well
D:6:      layout_loops_ring
D:7:      layout_rooms, elyvilon_altar_3, kennysheep_opposing_triangles
D:8:      layout_rooms, mainiacjoe_overflow_concentric_impassable
D:9:      layout_grid_maze, palyth_temple_overflow_mages,
          grunt_gozag_breadcrumbs, due_lair_maze_entry_diamond, minmay_bent
D:10:     layout_loops_corners, hiddenorc2_lemuel
D:11:     layout_basic, chequers_serial_rivers_micro_a
D:12:     layout_roguey, serial_shops, nicolae_shop_trees,
          wad_floor_pattern_untrapped
D:13:     cheibrodos_fzero, layout_long_grid, gauntlet_entry_generic
Temple:   hellmonk_temple_beads
Lair:1:   layout_layer_cave, maelrawn_ghost_gauntlet_escape,
          serial_bayou_shore_b, grunt_megastairs_1
Lair:2:   layout_cave_shapes, spider_nest_entry_webs, basic_altar,
          minmay_stone_trees_medium, roderic_carrion_pond, lemuel_fruit_fields
Lair:3:   layout_regular_city, minmay_shoals_entry_lonely_mermaid,
          grunt_megastairs_5, lemuel_fruit_tree
Lair:4:   layout_regular_city
Lair:5:   hellmonk_lair_end_abyssal_woods, layout_hall_layers, slime_entry_1
Orc:1:    layout_diamond_mine, gammafunk_ghost_split, nicolae_orc_pool_cavern
Orc:2:    st_orc_open, layout_diamond_mine, elf_legates, uniq_snorg

Skill      XL: |  1  2  3  4  5  6  7  8  9 10 11 12 13 14 15 |
---------------+----------------------------------------------+-----
Unarmed Combat | 4 5 8 12 13 14 15 17 | 17.3
Stealth        | 1 2 4 5 7 |  7.0
Transmutations | 4 5 6 7 |  7.0
Ice Magic      | 1 4 5 |  5.1
Fighting       | 2 7 9 12 13 15 | 15.0
Dodging        | 3 5 6 8 |  8.2
Evocations     | 2 0 |  0.0
Translocations | 4 6 |  6.0
Spellcasting   | 3 4 |  4.0

Action                   |  1- 3 |  4- 6 |  7- 9 | 10-12 | 13-15 || total
-------------------------+-------+-------+-------+-------+-------++-------
Melee: Unarmed           |    62 |    93 |   241 |   436 |   545 ||  1377
       Tentacles         |     6 |     2 |     2 |       |    64 ||    74
       Constrict         |     6 |     2 |     2 |     1 |    36 ||    47
       Kick              |     4 |       |       |       |       ||     4
       Staff             |       |     1 |       |       |     1 ||     2
       Punch             |       |       |       |     1 |    44 ||    45
 Cast: Beastly Appendage |     8 |       |       |       |       ||     8
       Wereblood         |     3 |     6 |    13 |    23 |    35 ||    80
       Spider Form       |     4 |    21 |       |       |       ||    25
       Ice Form          |       |       |    72 |   116 |    37 ||   225
       Blade Hands       |       |       |       |       |    67 ||    67
Invok: Sacrifice Resista |       |       |     1 |       |       ||     1
       Sacrifice Artific |       |       |       |     1 |       ||     1
       Power Leap        |       |       |       |     3 |     2 ||     5
       Sacrifice Purity  |       |       |       |     1 |       ||     1
       Reject Sacrifices |       |       |       |     1 |     1 ||     2
       Sacrifice Love    |       |       |       |     1 |       ||     1
       Apocalypse        |       |       |       |       |     2 ||     2
 Abil: End Transformatio |       |       |       |       |     1 ||     1
  Use: Potion            |     1 |     1 |       |       |     2 ||     4
       Scroll            |       |     7 |     5 |     5 |    10 ||    27
 Stab: Sleeping          |     2 |     2 |     4 |    14 |     3 ||    25
       Invisible         |       |       |       |     7 |     6 ||    13
       Distracted        |       |       |       |     3 |     4 ||     7
       Paralysed         |       |       |       |       |     4 ||     4
Armor: Skin              |     9 |    20 |    68 |    60 |    41 ||   198
Dodge: Dodged            |    54 |    57 |    98 |   152 |   343 ||   704

Table legend: (Time is in decaauts)
 A = Elapsed time spent in this place.
 B = Non-inter-level travel time spent in this place.
 C = Inter-level travel time spent in this place.
 D = Time resting spent in this place.
 E = Time spent auto-exploring this place.
 F = Levels seen in this place.
 G = Mean time per level.
                   A        B        C        D        E       F      G
               +--------+--------+--------+--------+--------+-----+--------+
         Total |  30216 |  28912 |   1304 |   1997 |  22171 |  23 | 1313.7 |
       Dungeon |  17940 |  17072 |    868 |    844 |  13701 |  13 | 1380.0 |
        Temple |    158 |    143 |     15 |      0 |     91 |   1 |  158.0 |
          Lair |   8050 |   7761 |    289 |    609 |   5979 |   5 | 1610.0 |
  Orcish Mines |   3008 |   2877 |    131 |    356 |   1908 |   2 | 1504.0 |
         Sewer |    259 |    259 |      0 |     12 |    181 |   1 |  259.0 |
      Gauntlet |    798 |    798 |      0 |    175 |    311 |   1 |  798.0 |
               +--------+--------+--------+--------+--------+-----+--------+

Top non-repeatable levels by time:
  Lair:5: 2642 daAuts
    D:12: 2049 daAuts
  Lair:1: 1907 daAuts
     D:5: 1780 daAuts
   Orc:2: 1744 daAuts
    D:11: 1735 daAuts
    D:10: 1666 daAuts
     D:9: 1569 daAuts
     D:8: 1496 daAuts
  Lair:3: 1473 daAuts
     D:3: 1329 daAuts
     D:6: 1316 daAuts
   Orc:1: 1263 daAuts
  Lair:4: 1194 daAuts
     D:4: 1163 daAuts
